Bruins vs Blues
(R1)
Created - October 22, 2019 at 19:46
Goals
|
Bruins |
1 |
1 |
3 |
5 |
Blues |
0 |
1 |
1 |
2 |
|
Shots
|
Bruins |
4 |
7 |
17 |
28 |
Blues |
9 |
7 |
8 |
24 |
|
1st period
1. Bruins , Victor Oreskovich 1 (Scott Hartnell 1) at 3:22 (PP)
Penalties :
Jesper Fast (STL) for Hooking (Minor) at 2:49, Filip Forsberg (STL) for Slashing (Minor) at 10:47
2nd period
2. Bruins , Wojtek Wolski 1 (Jonathan Toews 1) at 6:58 (PP)
3. Blues , David Perron 1 (Alex Pietrangelo 1, Carey Price) at 18:47 (PP)
Penalties :
David Perron (STL) for Roughing (Minor) at 1:10, Alex Pietrangelo (STL) for Hooking (Minor) at 6:44, Mike Ribeiro (Bos) for Slashing (Minor) at 7:18, Filip Forsberg (STL) for Charging (Minor) at 12:08, Nathan Horton (Bos) for Holding (Minor) at 18:00, David Perron (STL) for Interference (Minor) at 19:46
3rd period
4. Bruins , Mike Ribeiro 1 (Brendan Smith 1, Scott Hartnell 2) at 0:52 (PP)
5. Blues , Alex Pietrangelo 1 (Nicklas Backstrom 1) at 4:15 (PP)
6. Bruins , Jonathan Toews 1 (Wojtek Wolski 1) at 6:14 (PP)
7. Bruins , Jonathan Toews 2 (Wojtek Wolski 2) at 14:03
Penalties :
Brendan Smith (Bos) for Interference (Minor) at 4:09, Dougie Hamilton (STL) for Holding (Minor) at 6:10, Mike Ribeiro (Bos) for High sticking (Minor) at 15:55
Goalie Stats
Kevin Poulin (Bos), 22 saves from 24 shots - (0.917), W, 1-0-0, 60:00 minutes
Carey Price (STL), 11 saves from 15 shots - (0.733), L, 0-1-0, 46:14 minutes
Pascal Leclaire (STL), 12 saves from 13 shots - (0.923), 13:46 minutes
Players Stats for Bruins
Player Name G A P +/- PIM S H SB GA TA FO MP PP MP PK MP
------------------------------------------------------------------------------------
Brendan Smith 0 1 1 0 2 0 1 4 0 0 0/0 22:16 4:22 3:19
Casey Cizikas 0 0 0 0 0 1 1 0 0 0 2/3 9:08 0:53 0:46
Dave Bolland 0 0 0 0 0 2 0 0 2 0 2/3 11:11 0:01 0:00
Jason Demers 0 0 0 1 0 1 0 1 0 0 0/0 26:21 3:32 3:25
Johnny Boychuk 0 0 0 0 0 0 2 2 0 0 0/0 15:35 0:00 1:26
Jonathan Toews 2 1 3 1 0 5 1 1 0 1 18/42 22:41 4:45 2:53
Kevin Bieksa 0 0 0 0 0 2 1 0 0 0 0/0 16:22 3:31 0:00
Kris Chucko 0 0 0 0 0 1 2 0 0 0 0/0 9:00 0:49 0:42
Mattias Tedenby 0 0 0 0 0 1 0 0 0 1 0/0 7:42 0:12 0:00
Mike Ribeiro 1 0 1 0 4 3 1 0 0 0 5/9 16:02 2:15 0:00
Nathan Horton 0 0 0 0 2 0 4 0 0 0 0/1 18:23 3:33 1:12
Rene Bourque 0 0 0 0 0 1 0 0 0 0 0/0 11:56 1:03 0:00
Scott Hartnell 0 2 2 0 0 1 1 0 0 1 0/0 17:04 2:15 1:16
Shane O'Brien 0 0 0 0 0 0 1 0 0 1 0/0 15:30 0:31 0:06
T.J Galiardi 0 0 0 0 0 2 3 0 0 0 0/0 11:17 0:11 0:00
Torey Krug 0 0 0 1 0 0 0 0 0 0 0/0 23:55 3:52 1:26
Victor Oreskovich 1 0 1 1 0 2 3 0 0 1 1/2 18:03 3:06 0:00
Wojtek Wolski 1 2 3 1 0 6 0 1 0 1 0/0 22:39 4:39 2:53
Players Stats for Blues
Player Name G A P +/- PIM S H SB GA TA FO MP PP MP PK MP
------------------------------------------------------------------------------------
Alex Pietrangelo 1 1 2 -1 2 5 2 8 3 0 0/0 28:13 3:14 4:06
Cody Ceci 0 0 0 0 0 0 0 1 0 0 0/0 19:16 0:00 5:31
David Perron 1 0 1 -1 4 3 1 0 0 0 1/3 18:29 1:59 0:00
Dougie Hamilton 0 0 0 0 2 0 1 1 0 0 0/0 17:34 1:37 1:05
Drew Shore 0 0 0 0 0 0 2 0 0 0 2/5 10:54 0:00 2:47
Filip Forsberg 0 0 0 0 4 3 1 1 0 0 0/2 16:56 2:52 0:27
Jake Gardiner 0 0 0 -1 0 0 2 2 0 1 0/0 26:16 3:14 1:35
Jeff Skinner 0 0 0 0 0 0 1 0 0 0 0/0 11:26 0:00 1:36
Jesper Fast 0 0 0 0 2 0 1 0 0 0 0/1 7:50 0:00 0:00
Jordan Eberle 0 0 0 -1 0 2 3 1 1 0 1/3 23:27 2:52 4:23
Linus Omark 0 0 0 0 0 0 0 0 0 0 0/0 7:34 0:00 0:00
Nick Leddy 0 0 0 0 0 1 0 0 0 0 0/0 14:48 1:37 1:08
Nicklas Backstrom 0 1 1 -1 0 1 1 0 1 1 17/26 19:28 2:52 0:12
Patrick Kaleta 0 0 0 0 0 2 0 0 0 0 0/0 11:25 0:00 1:55
Sam Gagner 0 0 0 0 0 3 0 0 0 0 2/2 12:28 1:59 0:59
Sergei Shirokov 0 0 0 0 0 2 0 0 0 0 0/0 15:21 1:59 0:00
Travis Zajac 0 0 0 0 0 1 3 1 0 0 9/18 16:43 0:00 3:29
Yann Sauvé 0 0 0 0 0 1 1 0 1 0 0/0 13:51 0:00 2:23
3 Stars
1 - Jonathan Toews (Bos)
2 - Wojtek Wolski (Bos)
3 - Victor Oreskovich (Bos)
Power Play
Bruins - 4 on 7 Attempt(s) - 57.14%
Blues - 2 on 4 Attempt(s) - 50.00%
Penalty Kill
Bruins - 2 on 4 Attempt(s) - 50.00%
- Score 0 goal in Penalty Kill
Blues - 3 on 7 Attempt(s) - 42.86%
- Score 0 goal in Penalty Kill
Team Stat
Bruins - Hits : 21 - Faceoff Wins : 28 - Blocked Shots : 9 - Penalty Minutes : 8
Blues - Hits : 19 - Faceoff Wins : 32 - Blocked Shots : 15 - Penalty Minutes : 14
Official
Referees : Unknown
Linesman : Unknown
Game Notes
Pascal Leclaire enters game at 6:14 of 3rd period
Finance
Level 1 -- Attendance: 6000 (100.00%) -- Ticket Income $534,000
Level 2 -- Attendance: 4998 (99.96%) -- Ticket Income $284,886
Level 3 -- Attendance: 1885 (94.25%) -- Ticket Income $65,975
Level 4 -- Attendance: 4000 (100.00%) -- Ticket Income $96,000
Luxury Box -- Attendance: 839 (83.90%) -- Ticket Income $145,986
Game was played at the Scotttrade center.
Total Attendance: 17722 (98.46%)
Total Ticket Income: $1,126,847
Other Income: $169,027
Total Income: $1,295,874
Bruins
5 vs 5 Forward
Center Left Wing Right Wing Time % Phy DF OF
1 Jonathan Toews Wojtek Wolski Victor Oreskovich 40 0 2 3
2 Mike Ribeiro Scott Hartnell Nathan Horton 30 1 2 2
3 Dave Bolland T.J Galiardi Rene Bourque 20 1 2 2
4 Casey Cizikas Kris Chucko Mattias Tedenby 10 1 2 2
5 vs 5 Defense
Defense Defense Time % Phy DF OF
1 Jason Demers Torey Krug 40 1 2 2
2 Brendan Smith Shane O'Brien 30 1 2 2
3 Kevin Bieksa Johnny Boychuk 20 1 2 2
4 Brendan Smith Jason Demers 10 1 2 2
PowerPlay Forward
Center Left Wing Right Wing Time % Phy DF OF
1 Jonathan Toews Wojtek Wolski Nathan Horton 60 0 2 3
2 Mike Ribeiro Scott Hartnell Victor Oreskovich 40 0 2 3
PowerPlay Defense
Defense Defense Time % Phy DF OF
1 Kevin Bieksa Brendan Smith 60 0 2 3
2 Jason Demers Torey Krug 40 0 2 3
Penalty Kill 4 Players Forward
Center Wing Time % Phy DF OF
1 Jonathan Toews Wojtek Wolski 60 0 2 3
2 Nathan Horton Scott Hartnell 40 0 3 2
Penalty Kill 4 Players Defense
Defense Defense Time % Phy DF OF
1 Jason Demers Brendan Smith 60 0 4 1
2 Johnny Boychuk Torey Krug 40 0 4 1
Penalty Kill - 3 Players Forward
Forward Time % Phy DF OF
1 Wojtek Wolski 60 0 5 0
2 Scott Hartnell 40 0 5 0
Penalty Kill - 3 Players Defense
Defense Defense Time % Phy DF OF
1 Jason Demers Brendan Smith 60 0 5 0
2 Johnny Boychuk Torey Krug 40 0 5 0
4 vs 4 Forward
Center Wing Time % Phy DF OF
1 Jonathan Toews Wojtek Wolski 60 0 2 3
2 Mike Ribeiro Scott Hartnell 40 1 2 2
4 vs 4 Defense
Defense Defense Time % Phy DF OF
1 Jason Demers Brendan Smith 60 1 2 2
2 Shane O'Brien Torey Krug 40 1 2 2
Last Minutes Offensive
Center Left Wing Right Wing Defense Defense
Jonathan Toews Wojtek Wolski Nathan Horton Jason Demers Shane O'Brien
Last Minutes Defensive
Center Left Wing Right Wing Defense Defense
Jonathan Toews Wojtek Wolski Nathan Horton Jason Demers Shane O'Brien
Goaltenders
Starting : Kevin Poulin
Backup : Josh Tordjman
Extra Forwards
Normal : Scott Hartnell, Wojtek Wolski, Jonathan Toews - PP : Scott Hartnell, Wojtek Wolski - PK : Casey Cizikas
Extra Defensemen
Normal : Brendan Smith, Jason Demers, Torey Krug - PP : Johnny Boychuk - PK : Shane O'Brien, Jason Demers
Penalty Shots
Nathan Horton, Jonathan Toews, Wojtek Wolski, Mike Ribeiro, Mattias Tedenby
Scratches
None
Blues
5 vs 5 Forward
Center Left Wing Right Wing Time % Phy DF OF
1 Nicklas Backstrom David Perron Jordan Eberle 40 1 2 2
2 Travis Zajac Filip Forsberg Sergei Shirokov 30 1 2 2
3 Sam Gagner Jeff Skinner Patrick Kaleta 20 1 2 2
4 Drew Shore Linus Omark Jesper Fast 10 1 2 2
5 vs 5 Defense
Defense Defense Time % Phy DF OF
1 Alex Pietrangelo Jake Gardiner 40 1 2 2
2 Dougie Hamilton Cody Ceci 30 1 2 2
3 Nick Leddy Yann Sauvé 20 1 2 2
4 Jake Gardiner Alex Pietrangelo 10 1 2 2
PowerPlay Forward
Center Left Wing Right Wing Time % Phy DF OF
1 Nicklas Backstrom Filip Forsberg Jordan Eberle 60 1 2 2
2 Sam Gagner David Perron Sergei Shirokov 40 1 2 2
PowerPlay Defense
Defense Defense Time % Phy DF OF
1 Alex Pietrangelo Jake Gardiner 60 1 2 2
2 Nick Leddy Dougie Hamilton 40 1 2 2
Penalty Kill 4 Players Forward
Center Wing Time % Phy DF OF
1 Travis Zajac Jordan Eberle 60 1 2 2
2 Drew Shore Patrick Kaleta 40 1 2 2
Penalty Kill 4 Players Defense
Defense Defense Time % Phy DF OF
1 Alex Pietrangelo Cody Ceci 60 1 2 2
2 Jake Gardiner Yann Sauvé 40 1 2 2
Penalty Kill - 3 Players Forward
Forward Time % Phy DF OF
1 Drew Shore 60 1 2 2
2 Travis Zajac 40 1 2 2
Penalty Kill - 3 Players Defense
Defense Defense Time % Phy DF OF
1 Alex Pietrangelo Cody Ceci 60 1 2 2
2 Jake Gardiner Yann Sauvé 40 1 2 2
4 vs 4 Forward
Center Wing Time % Phy DF OF
1 Nicklas Backstrom David Perron 60 1 2 2
2 Travis Zajac Jordan Eberle 40 1 2 2
4 vs 4 Defense
Defense Defense Time % Phy DF OF
1 Alex Pietrangelo Dougie Hamilton 60 1 2 2
2 Jake Gardiner Yann Sauvé 40 1 2 2
Last Minutes Offensive
Center Left Wing Right Wing Defense Defense
Nicklas Backstrom David Perron Jordan Eberle Alex Pietrangelo Jake Gardiner
Last Minutes Defensive
Center Left Wing Right Wing Defense Defense
Travis Zajac Linus Omark Jordan Eberle Yann Sauvé Cody Ceci
Goaltenders
Starting : Carey Price
Backup : Pascal Leclaire
Extra Forwards
Normal : Sam Gagner, Jesper Fast, Jordan Eberle - PP : Travis Zajac, Nicklas Backstrom - PK : Filip Forsberg
Extra Defensemen
Normal : Nick Leddy, Cody Ceci, Jake Gardiner - PP : Nick Leddy - PK : Nick Leddy, Jake Gardiner
Penalty Shots
David Perron, Jeff Skinner, Jordan Eberle, Nicklas Backstrom, Travis Zajac
Scratches
D.J King (Healthy), Tomas Plekanec (Healthy)
% Time on Ice - Bruins
Lines # - Real PCT - Wanted PCT - Time Play
Normal Forward
1 - 33% - 40% - 15:23
2 - 29% - 30% - 13:33
3 - 23% - 20% - 11:06
4 - 15% - 10% - 7:13
Normal Defense
1 - 39% - 40% - 18:30
2 - 32% - 30% - 15:10
3 - 27% - 20% - 12:51
4 - 2% - 10% - 0:44
PP Forward
1 - 69% - 60% - 5:28
2 - 31% - 40% - 2:26
PP Defense
1 - 55% - 60% - 4:22
2 - 45% - 40% - 3:32
PK Forward
1 - 74% - 60% - 3:35
2 - 26% - 40% - 1:16
PK Defense
1 - 70% - 60% - 3:25
2 - 30% - 40% - 1:26
PK3 Forward
1 - 0% - 60%
2 - 0% - 40%
PK3 Defense
1 - 0% - 60%
2 - 0% - 40%
44 Forward
1 - 0% - 60%
2 - 0% - 40%
44 Defense
1 - 0% - 60%
2 - 0% - 40%
Last Minute Offensive - 0:00
Last Minute Defensive - 0:00
Total
Forward - 60:00
Defense - 60:00
|
% Time on Ice - Blues
Lines # - Real PCT - Wanted PCT - Time Play
Normal Forward
1 - 36% - 40% - 16:49
2 - 28% - 30% - 13:22
3 - 20% - 20% - 9:30
4 - 16% - 10% - 7:34
Normal Defense
1 - 39% - 40% - 18:12
2 - 33% - 30% - 15:31
3 - 23% - 20% - 10:40
4 - 6% - 10% - 2:52
PP Forward
1 - 59% - 60% - 2:52
2 - 41% - 40% - 1:59
PP Defense
1 - 67% - 60% - 3:14
2 - 33% - 40% - 1:37
PK Forward
1 - 76% - 60% - 5:59
2 - 24% - 40% - 1:55
PK Defense
1 - 70% - 60% - 5:31
2 - 30% - 40% - 2:23
PK3 Forward
1 - 0% - 60%
2 - 0% - 40%
PK3 Defense
1 - 0% - 60%
2 - 0% - 40%
44 Forward
1 - 0% - 60%
2 - 0% - 40%
44 Defense
1 - 0% - 60%
2 - 0% - 40%
Last Minute Offensive - 0:00
Last Minute Defensive - 0:00
Total
Forward - 60:00
Defense - 60:00
|
Play-by-Play
1st period
0:01 of 1st period - Jonathan Toews wins face-off versus Nicklas Backstrom in neutral zone.
0:06 of 1st period - Jake Gardiner is hit by Victor Oreskovich and loses puck.
0:37 of 1st period - Snap shot by Travis Zajac.
0:37 of 1st period - Shot Misses the Net.
1:11 of 1st period - Slapshot by Kris Chucko.
1:11 of 1st period - Shot Misses the Net.
1:30 of 1st period - Icing by Brendan Smith.
1:31 of 1st period - Casey Cizikas wins face-off versus David Perron in Bruins zone.
1:48 of 1st period - Snap shot by Wojtek Wolski.
1:48 of 1st period - Stopped by Carey Price without a rebound.
1:49 of 1st period - Mike Ribeiro wins face-off versus Travis Zajac in Blues zone.
1:52 of 1st period - Wrist shot by Scott Hartnell.
1:52 of 1st period - Shot Misses the Net.
2:14 of 1st period - Jordan Eberle is hit by T.J Galiardi and loses puck.
2:27 of 1st period - Snap shot by Jordan Eberle.
2:27 of 1st period - Shot Misses the Net.
2:49 of 1st period - Minor Penalty to Jesper Fast for Hooking.
2:50 of 1st period - Travis Zajac wins face-off versus Jonathan Toews in Blues zone.
3:20 of 1st period - Snap shot by Scott Hartnell.
3:20 of 1st period - Shot Blocked by Alex Pietrangelo.
3:22 of 1st period - Slapshot by Victor Oreskovich.
3:22 of 1st period - Goal by Victor Oreskovich - Bruins : 1 - Blues : 0.
3:23 of 1st period - Travis Zajac wins face-off versus Jonathan Toews in neutral zone.
3:28 of 1st period - Wrist shot by Alex Pietrangelo.
3:28 of 1st period - Shot Blocked by Brendan Smith.
3:40 of 1st period - Snap shot by Filip Forsberg.
3:40 of 1st period - Shot Misses the Net.
4:19 of 1st period - Snap shot by Jordan Eberle.
4:19 of 1st period - Deflect By David Perron.
4:19 of 1st period - Stopped by Kevin Poulin with a rebound.
5:08 of 1st period - Slapshot by Kris Chucko.
5:08 of 1st period - Stopped by Carey Price without a rebound.
5:09 of 1st period - Sam Gagner wins face-off versus Jonathan Toews in Blues zone.
5:22 of 1st period - Snap shot by Patrick Kaleta.
5:22 of 1st period - Shot Misses the Net.
6:02 of 1st period - Travis Zajac is hit by Nathan Horton and loses puck.
7:03 of 1st period - Snap shot by Sam Gagner.
7:03 of 1st period - Shot Blocked by Johnny Boychuk.
7:05 of 1st period - Snap shot by Jeff Skinner.
7:05 of 1st period - Shot Misses the Net.
7:07 of 1st period - Slapshot by Cody Ceci.
7:07 of 1st period - Shot Misses the Net.
7:09 of 1st period - Slapshot by Patrick Kaleta.
7:09 of 1st period - Stopped by Kevin Poulin with a rebound.
7:35 of 1st period - Shane O'Brien is hit by Yann Sauvé and loses puck.
8:09 of 1st period - Snap shot by Alex Pietrangelo.
8:09 of 1st period - Stopped by Kevin Poulin with a rebound.
8:44 of 1st period - Alex Pietrangelo is hit by Victor Oreskovich and loses puck.
9:04 of 1st period - Jake Gardiner is hit by Nathan Horton and loses puck.
9:13 of 1st period - Nathan Horton is hit by Travis Zajac and loses puck.
10:12 of 1st period - Snap shot by Travis Zajac.
10:12 of 1st period - Stopped by Kevin Poulin with a rebound.
10:32 of 1st period - Snap shot by Filip Forsberg.
10:32 of 1st period - Shot Blocked by Johnny Boychuk.
10:47 of 1st period - Minor Penalty to Filip Forsberg for Slashing.
10:48 of 1st period - Jonathan Toews wins face-off versus Drew Shore in Blues zone.
11:00 of 1st period - Snap shot by Patrick Kaleta.
11:00 of 1st period - Shot Misses the Net.
11:02 of 1st period - Slapshot by Nick Leddy.
11:02 of 1st period - Stopped by Kevin Poulin with a rebound.
11:42 of 1st period - Dougie Hamilton is hit by Kris Chucko and loses puck.
12:47 of 1st period - Penalty to Filip Forsberg is over, Filip Forsberg is back on ice.
13:23 of 1st period - Icing by Drew Shore.
13:24 of 1st period - Casey Cizikas wins face-off versus Drew Shore in Blues zone.
13:33 of 1st period - Jason Demers is hit by Nicklas Backstrom and loses puck.
13:52 of 1st period - Patrick Kaleta is hit by Shane O'Brien and loses puck.
14:12 of 1st period - Wrist shot by Dave Bolland.
14:12 of 1st period - Stopped by Carey Price with a rebound.
14:28 of 1st period - Scott Hartnell is hit by Jordan Eberle and loses puck.
14:44 of 1st period - Icing by Mike Ribeiro.
14:45 of 1st period - Drew Shore wins face-off versus Jonathan Toews in Bruins zone.
15:56 of 1st period - Off-side.
15:57 of 1st period - Jonathan Toews wins face-off versus Filip Forsberg in neutral zone.
16:02 of 1st period - Wrist shot by Victor Oreskovich.
16:02 of 1st period - Deflect By Jonathan Toews.
16:02 of 1st period - Shot Misses the Net.
16:02 of 1st period - Puck is out of play.
16:03 of 1st period - Nicklas Backstrom wins face-off versus Jonathan Toews in Blues zone.
16:07 of 1st period - Icing by Alex Pietrangelo.
16:08 of 1st period - Nicklas Backstrom wins face-off versus Jonathan Toews in Blues zone.
16:43 of 1st period - Slapshot by Alex Pietrangelo.
16:43 of 1st period - Stopped by Kevin Poulin without a rebound.
16:44 of 1st period - Travis Zajac wins face-off versus Jonathan Toews in Bruins zone.
16:49 of 1st period - Wrist shot by Filip Forsberg.
16:49 of 1st period - Shot Blocked by Brendan Smith.
16:57 of 1st period - Snap shot by Travis Zajac.
16:57 of 1st period - Shot Misses the Net.
16:59 of 1st period - Wrist shot by Travis Zajac.
16:59 of 1st period - Shot Misses the Net.
17:01 of 1st period - Slapshot by Cody Ceci.
17:01 of 1st period - Shot Blocked by Brendan Smith.
17:16 of 1st period - Slapshot by Jason Demers.
17:16 of 1st period - Shot Misses the Net.
18:38 of 1st period - Brendan Smith is hit by Jake Gardiner and loses puck.
18:47 of 1st period - Slapshot by Alex Pietrangelo.
18:47 of 1st period - Deflect By Jordan Eberle.
18:47 of 1st period - Stopped by Kevin Poulin without a rebound.
18:48 of 1st period - Nicklas Backstrom wins face-off versus Jonathan Toews in Bruins zone.
18:53 of 1st period - Snap shot by Nicklas Backstrom.
18:53 of 1st period - Shot Misses the Net.
19:15 of 1st period - Scott Hartnell is hit by Jeff Skinner and loses puck.
19:20 of 1st period - Snap shot by Sam Gagner.
19:20 of 1st period - Stopped by Kevin Poulin with a rebound.
19:22 of 1st period - Slapshot by Yann Sauvé.
19:22 of 1st period - Stopped by Kevin Poulin with a rebound.
19:24 of 1st period - Snap shot by Patrick Kaleta.
19:24 of 1st period - Shot Misses the Net.
Goals for this period are 1 for Bruins vs 0 for Blues.
Shots for this period are 4 for Bruins vs 9 for Blues.
2nd period
0:01 of 2nd period - Nicklas Backstrom wins face-off versus Jonathan Toews in neutral zone.
0:16 of 2nd period - Wrist shot by Wojtek Wolski.
0:16 of 2nd period - Shot Blocked by Jordan Eberle.
0:59 of 2nd period - Snap shot by Filip Forsberg.
0:59 of 2nd period - Stopped by Kevin Poulin without a rebound.
1:00 of 2nd period - Nicklas Backstrom wins face-off versus Jonathan Toews in Bruins zone.
1:10 of 2nd period - Minor Penalty to David Perron for Roughing.
1:11 of 2nd period - Travis Zajac wins face-off versus Jonathan Toews in Blues zone.
1:48 of 2nd period - Slapshot by Victor Oreskovich.
1:48 of 2nd period - Shot Misses the Net.
3:10 of 2nd period - Penalty to David Perron is over, David Perron is back on ice.
3:45 of 2nd period - Off-side.
3:46 of 2nd period - Drew Shore wins face-off versus Dave Bolland in neutral zone.
4:13 of 2nd period - Filip Forsberg is hit by Johnny Boychuk and loses puck.
4:32 of 2nd period - Nicklas Backstrom is hit by Jonathan Toews.
5:53 of 2nd period - Snap shot by Linus Omark.
5:53 of 2nd period - Shot Misses the Net.
6:05 of 2nd period - Patrick Kaleta is hit by Kris Chucko and loses puck.
6:26 of 2nd period - Wrist shot by T.J Galiardi.
6:26 of 2nd period - Shot Blocked by Alex Pietrangelo.
6:28 of 2nd period - Slapshot by Rene Bourque.
6:28 of 2nd period - Shot Blocked by Alex Pietrangelo.
6:30 of 2nd period - Wrist shot by Kevin Bieksa.
6:30 of 2nd period - Stopped by Carey Price with a rebound.
6:44 of 2nd period - Minor Penalty to Alex Pietrangelo for Hooking.
6:45 of 2nd period - Jonathan Toews wins face-off versus Travis Zajac in Blues zone.
6:58 of 2nd period - Wrist shot by Wojtek Wolski.
6:58 of 2nd period - Goal by Wojtek Wolski - Bruins : 2 - Blues : 0.
6:59 of 2nd period - Jonathan Toews wins face-off versus Nicklas Backstrom in neutral zone.
7:14 of 2nd period - Slapshot by Nicklas Backstrom.
7:14 of 2nd period - Deflect By Jordan Eberle.
7:14 of 2nd period - Shot Blocked by Jonathan Toews.
7:14 of 2nd period - Puck is out of play.
7:15 of 2nd period - Mike Ribeiro wins face-off versus Travis Zajac in Bruins zone.
7:15 of 2nd period - Jason Demers is hit by Filip Forsberg and loses puck.
7:18 of 2nd period - Minor Penalty to Mike Ribeiro for Slashing.
7:19 of 2nd period - Nicklas Backstrom wins face-off versus Jonathan Toews in Bruins zone.
9:08 of 2nd period - Nicklas Backstrom is hit by Nathan Horton.
9:18 of 2nd period - Penalty to Mike Ribeiro is over, Mike Ribeiro is back on ice.
9:26 of 2nd period - Casey Cizikas is hit by Drew Shore and loses puck.
9:33 of 2nd period - Wrist shot by Casey Cizikas.
9:33 of 2nd period - Stopped by Carey Price without a rebound.
9:34 of 2nd period - Mike Ribeiro wins face-off versus Drew Shore in Blues zone.
9:47 of 2nd period - Slapshot by Jesper Fast.
9:47 of 2nd period - Shot Misses the Net.
10:03 of 2nd period - Snap shot by Patrick Kaleta.
10:03 of 2nd period - Stopped by Kevin Poulin without a rebound.
10:04 of 2nd period - Dave Bolland wins face-off versus Nicklas Backstrom in Bruins zone.
10:11 of 2nd period - Slapshot by Jason Demers.
10:11 of 2nd period - Shot Blocked by Alex Pietrangelo.
10:21 of 2nd period - Snap shot by Rene Bourque.
10:21 of 2nd period - Stopped by Carey Price with a rebound.
10:37 of 2nd period - Snap shot by Patrick Kaleta.
10:37 of 2nd period - Shot Blocked by Jason Demers.
10:45 of 2nd period - Slapshot by Sam Gagner.
10:45 of 2nd period - Stopped by Kevin Poulin with a rebound.
11:15 of 2nd period - Jason Demers is hit by Drew Shore and loses puck.
11:31 of 2nd period - Icing by Shane O'Brien.
11:32 of 2nd period - Jordan Eberle wins face-off versus Mike Ribeiro in Bruins zone.
11:43 of 2nd period - Snap shot by David Perron.
11:43 of 2nd period - Shot Misses the Net.
12:08 of 2nd period - Minor Penalty to Filip Forsberg for Charging.
12:09 of 2nd period - Travis Zajac wins face-off versus Jonathan Toews in Blues zone.
12:23 of 2nd period - Wrist shot by Wojtek Wolski.
12:23 of 2nd period - Stopped by Carey Price with a rebound.
12:25 of 2nd period - Snap shot by Jonathan Toews.
12:25 of 2nd period - Shot Blocked by Travis Zajac.
12:43 of 2nd period - Snap shot by Patrick Kaleta.
12:43 of 2nd period - Shot Misses the Net.
14:08 of 2nd period - Penalty to Filip Forsberg is over, Filip Forsberg is back on ice.
14:33 of 2nd period - Shane O'Brien is hit by Jordan Eberle and loses puck.
14:55 of 2nd period - Icing by Nicklas Backstrom.
14:56 of 2nd period - Nicklas Backstrom wins face-off versus Casey Cizikas in Blues zone.
15:22 of 2nd period - Wrist shot by Patrick Kaleta.
15:22 of 2nd period - Shot Misses the Net.
15:24 of 2nd period - Backhand shot by Sam Gagner.
15:24 of 2nd period - Stopped by Kevin Poulin with a rebound.
16:01 of 2nd period - Snap shot by Dave Bolland.
16:01 of 2nd period - Shot Misses the Net.
16:05 of 2nd period - Wrist shot by Dave Bolland.
16:05 of 2nd period - Stopped by Carey Price with a rebound.
17:20 of 2nd period - Jordan Eberle is hit by Johnny Boychuk and loses puck.
17:40 of 2nd period - Icing by Sam Gagner.
17:41 of 2nd period - Sam Gagner wins face-off versus Nathan Horton in Blues zone.
17:47 of 2nd period - Off-side.
17:48 of 2nd period - Travis Zajac wins face-off versus Mike Ribeiro in neutral zone.
18:00 of 2nd period - Minor Penalty to Nathan Horton for Holding.
18:01 of 2nd period - Nicklas Backstrom wins face-off versus Jonathan Toews in Bruins zone.
18:11 of 2nd period - Slapshot by Alex Pietrangelo.
18:11 of 2nd period - Stopped by Kevin Poulin without a rebound.
18:12 of 2nd period - Jonathan Toews wins face-off versus Nicklas Backstrom in Bruins zone.
18:23 of 2nd period - Slapshot by Alex Pietrangelo.
18:23 of 2nd period - Shot Blocked by Wojtek Wolski.
18:47 of 2nd period - Wrist shot by David Perron.
18:47 of 2nd period - Goal by David Perron - Bruins : 2 - Blues : 1.
18:48 of 2nd period - Jonathan Toews wins face-off versus Nicklas Backstrom in neutral zone.
19:04 of 2nd period - Off-side.
19:05 of 2nd period - Mike Ribeiro wins face-off versus Filip Forsberg in neutral zone.
19:22 of 2nd period - Snap shot by Alex Pietrangelo.
19:22 of 2nd period - Stopped by Kevin Poulin without a rebound.
19:23 of 2nd period - Victor Oreskovich wins face-off versus Nicklas Backstrom in Bruins zone.
19:30 of 2nd period - Snap shot by Victor Oreskovich.
19:30 of 2nd period - Stopped by Carey Price with a rebound.
19:32 of 2nd period - Snap shot by Jason Demers.
19:32 of 2nd period - Shot Misses the Net.
19:36 of 2nd period - Slapshot by Wojtek Wolski.
19:36 of 2nd period - Shot Misses the Net.
19:38 of 2nd period - Slapshot by Torey Krug.
19:38 of 2nd period - Shot Blocked by Jake Gardiner.
19:46 of 2nd period - Minor Penalty to David Perron for Interference.
19:47 of 2nd period - Jonathan Toews wins face-off versus Travis Zajac in Blues zone.
Goals for this period are 1 for Bruins vs 1 for Blues.
Shots for this period are 7 for Bruins vs 7 for Blues.
3rd period
0:01 of 3rd period - Travis Zajac wins face-off versus Jonathan Toews in neutral zone.
0:12 of 3rd period - Wrist shot by Wojtek Wolski.
0:12 of 3rd period - Shot Blocked by Alex Pietrangelo.
0:14 of 3rd period - Slapshot by Kevin Bieksa.
0:14 of 3rd period - Deflect By Jonathan Toews.
0:14 of 3rd period - Shot Blocked by Alex Pietrangelo.
0:14 of 3rd period - Puck is out of play.
0:15 of 3rd period - Jonathan Toews wins face-off versus Travis Zajac in Blues zone.
0:30 of 3rd period - Snap shot by Jordan Eberle.
0:30 of 3rd period - Shot Misses the Net.
0:48 of 3rd period - Snap shot by Brendan Smith.
0:48 of 3rd period - Shot Blocked by Cody Ceci.
0:50 of 3rd period - Snap shot by Mike Ribeiro.
0:50 of 3rd period - Stopped by Carey Price with a rebound.
0:52 of 3rd period - Snap shot by Mike Ribeiro.
0:52 of 3rd period - Goal by Mike Ribeiro - Bruins : 3 - Blues : 1.
0:53 of 3rd period - Jonathan Toews wins face-off versus Jordan Eberle in neutral zone.
1:25 of 3rd period - Shane O'Brien is hit by Travis Zajac and loses puck.
2:02 of 3rd period - Alex Pietrangelo is hit by Kevin Bieksa and loses puck.
3:37 of 3rd period - Snap shot by Wojtek Wolski.
3:37 of 3rd period - Stopped by Carey Price with a rebound.
3:51 of 3rd period - Wrist shot by Jordan Eberle.
3:51 of 3rd period - Shot Misses the Net.
3:53 of 3rd period - Wrist shot by Nicklas Backstrom.
3:53 of 3rd period - Stopped by Kevin Poulin without a rebound.
3:54 of 3rd period - Nicklas Backstrom wins face-off versus Jonathan Toews in Bruins zone.
4:09 of 3rd period - Minor Penalty to Brendan Smith for Interference.
4:10 of 3rd period - Nicklas Backstrom wins face-off versus Jonathan Toews in Bruins zone.
4:15 of 3rd period - Slapshot by Alex Pietrangelo.
4:15 of 3rd period - Goal by Alex Pietrangelo - Bruins : 3 - Blues : 2.
4:16 of 3rd period - Nicklas Backstrom wins face-off versus Jonathan Toews in neutral zone.
4:42 of 3rd period - Jason Demers is hit by Jake Gardiner.
5:53 of 3rd period - Dougie Hamilton is hit by Casey Cizikas and loses puck.
6:00 of 3rd period - Wrist shot by Kris Chucko.
6:00 of 3rd period - Shot Blocked by Dougie Hamilton.
6:02 of 3rd period - Wrist shot by Kris Chucko.
6:02 of 3rd period - Shot Misses the Net.
6:04 of 3rd period - Backhand shot by Mattias Tedenby.
6:04 of 3rd period - Shot Misses the Net.
6:10 of 3rd period - Minor Penalty to Dougie Hamilton for Holding.
6:11 of 3rd period - Jonathan Toews wins face-off versus Travis Zajac in Blues zone.
6:14 of 3rd period - Wrist shot by Jonathan Toews.
6:14 of 3rd period - Goal by Jonathan Toews - Bruins : 4 - Blues : 2.
6:14 of 3rd period - Pascal Leclaire enters game.
6:15 of 3rd period - Nicklas Backstrom wins face-off versus Jonathan Toews in neutral zone.
6:41 of 3rd period - Jason Demers is hit by Alex Pietrangelo and loses puck.
6:46 of 3rd period - Snap shot by Filip Forsberg.
6:46 of 3rd period - Deflect By Sergei Shirokov.
6:46 of 3rd period - Stopped by Kevin Poulin with a rebound.
6:48 of 3rd period - Wrist shot by Filip Forsberg.
6:48 of 3rd period - Stopped by Kevin Poulin with a rebound.
6:52 of 3rd period - Snap shot by Filip Forsberg.
6:52 of 3rd period - Stopped by Kevin Poulin without a rebound.
6:53 of 3rd period - Jonathan Toews wins face-off versus David Perron in Bruins zone.
7:46 of 3rd period - Jeff Skinner is hit by T.J Galiardi and loses puck.
7:53 of 3rd period - Dave Bolland is hit by Alex Pietrangelo and loses puck.
8:29 of 3rd period - Snap shot by Jordan Eberle.
8:29 of 3rd period - Shot Misses the Net.
8:47 of 3rd period - Wrist shot by Dave Bolland.
8:47 of 3rd period - Shot Blocked by Filip Forsberg.
8:49 of 3rd period - Slapshot by Kevin Bieksa.
8:49 of 3rd period - Stopped by Pascal Leclaire with a rebound.
8:51 of 3rd period - Snap shot by T.J Galiardi.
8:51 of 3rd period - Shot Blocked by Alex Pietrangelo.
8:53 of 3rd period - Slapshot by Johnny Boychuk.
8:53 of 3rd period - Deflect By T.J Galiardi.
8:53 of 3rd period - Shot Misses the Net.
8:53 of 3rd period - Puck is out of play.
8:54 of 3rd period - Dave Bolland wins face-off versus Travis Zajac in Blues zone.
9:03 of 3rd period - Snap shot by Dave Bolland.
9:03 of 3rd period - Shot Misses the Net.
9:05 of 3rd period - Backhand shot by T.J Galiardi.
9:05 of 3rd period - Stopped by Pascal Leclaire with a rebound.
9:07 of 3rd period - Slapshot by T.J Galiardi.
9:07 of 3rd period - Stopped by Pascal Leclaire without a rebound.
9:08 of 3rd period - Nicklas Backstrom wins face-off versus Jonathan Toews in Blues zone.
9:15 of 3rd period - Wrist shot by Jonathan Toews.
9:15 of 3rd period - Stopped by Pascal Leclaire without a rebound.
9:16 of 3rd period - Jonathan Toews wins face-off versus Nicklas Backstrom in Blues zone.
9:25 of 3rd period - Wrist shot by Wojtek Wolski.
9:25 of 3rd period - Stopped by Pascal Leclaire with a rebound.
9:31 of 3rd period - Slapshot by Jonathan Toews.
9:31 of 3rd period - Stopped by Pascal Leclaire without a rebound.
9:32 of 3rd period - Travis Zajac wins face-off versus Mike Ribeiro in Blues zone.
9:32 of 3rd period - Travis Zajac is hit by Mike Ribeiro.
9:35 of 3rd period - Jake Gardiner is hit by Scott Hartnell and loses puck.
9:44 of 3rd period - Slapshot by Jason Demers.
9:44 of 3rd period - Stopped by Pascal Leclaire with a rebound.
9:46 of 3rd period - Slapshot by Torey Krug.
9:46 of 3rd period - Shot Blocked by Jake Gardiner.
9:48 of 3rd period - Slapshot by Torey Krug.
9:48 of 3rd period - Shot Blocked by Alex Pietrangelo.
9:58 of 3rd period - Jason Demers is hit by Jordan Eberle and loses puck.
10:05 of 3rd period - Wrist shot by Jordan Eberle.
10:05 of 3rd period - Stopped by Kevin Poulin without a rebound.
10:06 of 3rd period - Nicklas Backstrom wins face-off versus Jonathan Toews in Bruins zone.
10:07 of 3rd period - Wrist shot by David Perron.
10:07 of 3rd period - Stopped by Kevin Poulin without a rebound.
10:08 of 3rd period - Jonathan Toews wins face-off versus Jordan Eberle in Bruins zone.
10:13 of 3rd period - Brendan Smith is hit by David Perron and loses puck.
10:20 of 3rd period - Wrist shot by Nicklas Backstrom.
10:20 of 3rd period - Shot Blocked by Brendan Smith.
11:04 of 3rd period - Sam Gagner is hit by T.J Galiardi and loses puck.
11:21 of 3rd period - Snap shot by Jesper Fast.
11:21 of 3rd period - Deflect By Jason Demers.
11:21 of 3rd period - Shot Misses the Net.
11:21 of 3rd period - Puck is out of play.
11:22 of 3rd period - Jonathan Toews wins face-off versus Jesper Fast in Bruins zone.
11:49 of 3rd period - Jake Gardiner is hit by Nathan Horton and loses puck.
12:34 of 3rd period - Slapshot by Jason Demers.
12:34 of 3rd period - Deflect By Mattias Tedenby.
12:34 of 3rd period - Stopped by Pascal Leclaire with a rebound.
13:19 of 3rd period - Snap shot by Mike Ribeiro.
13:19 of 3rd period - Stopped by Pascal Leclaire without a rebound.
13:20 of 3rd period - Nicklas Backstrom wins face-off versus Victor Oreskovich in Blues zone.
13:20 of 3rd period - Nicklas Backstrom is hit by Victor Oreskovich.
13:45 of 3rd period - Off-side.
13:46 of 3rd period - Mike Ribeiro wins face-off versus Travis Zajac in neutral zone.
13:57 of 3rd period - Snap shot by Scott Hartnell.
13:57 of 3rd period - Stopped by Pascal Leclaire without a rebound.
13:58 of 3rd period - Jonathan Toews wins face-off versus Nicklas Backstrom in Blues zone.
13:59 of 3rd period - Snap shot by Wojtek Wolski.
13:59 of 3rd period - Stopped by Pascal Leclaire without a rebound.
14:00 of 3rd period - Nicklas Backstrom wins face-off versus Jonathan Toews in Blues zone.
14:03 of 3rd period - Slapshot by Jonathan Toews.
14:03 of 3rd period - Goal by Jonathan Toews - Bruins : 5 - Blues : 2.
14:04 of 3rd period - Jonathan Toews wins face-off versus Nicklas Backstrom in neutral zone.
14:52 of 3rd period - Wrist shot by Jordan Eberle.
14:52 of 3rd period - Shot Misses the Net.
15:03 of 3rd period - Off-side.
15:04 of 3rd period - Travis Zajac wins face-off versus Jonathan Toews in neutral zone.
15:07 of 3rd period - Victor Oreskovich is hit by Travis Zajac and loses puck.
15:12 of 3rd period - Slapshot by Sergei Shirokov.
15:12 of 3rd period - Stopped by Kevin Poulin without a rebound.
15:13 of 3rd period - Jonathan Toews wins face-off versus Travis Zajac in Bruins zone.
15:24 of 3rd period - Wrist shot by Jonathan Toews.
15:24 of 3rd period - Stopped by Pascal Leclaire with a rebound.
15:42 of 3rd period - Snap shot by Wojtek Wolski.
15:42 of 3rd period - Deflect By Jonathan Toews.
15:42 of 3rd period - Shot Misses the Net.
15:42 of 3rd period - Puck is out of play.
15:43 of 3rd period - David Perron wins face-off versus Mike Ribeiro in Blues zone.
15:55 of 3rd period - Minor Penalty to Mike Ribeiro for High sticking.
15:56 of 3rd period - Nicklas Backstrom wins face-off versus Jonathan Toews in Bruins zone.
17:38 of 3rd period - Nick Leddy is hit by Brendan Smith and loses puck.
17:55 of 3rd period - Penalty to Mike Ribeiro is over, Mike Ribeiro is back on ice.
18:07 of 3rd period - Johnny Boychuk is hit by Jesper Fast.
18:37 of 3rd period - Kevin Bieksa is hit by Dougie Hamilton.
Goals for this period are 3 for Bruins vs 1 for Blues.
Shots for this period are 17 for Bruins vs 8 for Blues.
Back to the Top